 Dungeon Crawl Stone Soup version 0.22-a0-565-gfc6459a (webtiles) character file.

21 Amnesiac the Ducker (level 2, 0/14 HPs)
             Began as a Spriggan Wanderer on June 28, 2018.
             Slain by an ice beast (7 damage)
             ... on level 5 of the Dungeon.
             The game lasted 00:02:54 (586 turns).

Amnesiac the Ducker (Spriggan Wanderer)              Turns: 586, Time: 00:02:55

Health: 0/14       AC:  2    Str:  7    XL:     2   Next: 62%
Magic:  5/5        EV: 18    Int: 12    God:
Gold:   61         SH:  0    Dex: 17    Spells: 4/4 levels left

rFire    . . .     SeeInvis +   d - +0 dagger
rCold    . . .     Gourm    .   (shield restricted)
rNeg     . . .     Faith    .   b - +0 robe
rPois    .         Spirit   .   (helmet restricted)
rElec    .         Reflect  .   (no cloak)
rCorr    .         Harm     .   (gloves unavailable)
MR       .....                  (boots unavailable)
Stlth    ++........             (no amulet)
HPRegen  0.04/turn              (no ring)
MPRegen  0.09/turn              (no ring)

@: very quick
A: very small, unfitting armour, see invisible, herbivore, speed 3, slow
metabolism 2
a: no special abilities


You were on level 5 of the Dungeon.
You were not hungry.

You visited 1 branch of the dungeon, and saw 5 of its levels.

You collected 61 gold pieces.

Inventory:

Hand Weapons
 d - a +0 dagger (weapon)
Armour
 b - a +0 robe (worn)
Wands
 a - a wand of flame (6)
Scrolls
 e - a scroll of remove curse {!r}
Potions
 c - 3 potions of curing {!q}
 g - a potion of invisibility {!q, unknown}
 j - a potion of cancellation {!q, unknown}
Comestibles
 f - a ration


   Skills:
 - Level 1.0 Fighting
 * Level 2.1 Short Blades
   Level 2.4 Bows
 - Level 3.0 Dodging
 + Level 2.1 Stealth
 + Level 1.6 Spellcasting
   Level 1.5 Summonings
 + Level 1.5 Evocations


You had 4 spell levels left.
You didn't know any spells.
Your spell library was empty.

Dungeon Overview and Level Annotations

Branches:
Dungeon (5/15)
 Temple: D:4-7

Altars:
Nemelex Xobeh

Annotations:
D:3 1 runed door


Innate Abilities, Weirdness & Mutations

You are very small and have problems with some larger weapons.
You are too small for most types of armour.
You have supernaturally acute eyesight. (SInv)
You are a herbivore.
You cover ground extremely quickly.
You need to consume almost no food.


Message History

You climb downwards.
Found a falchion and 19 gold pieces.
There is a stone staircase leading up here.
You start resting.
HP restored.
Found 13 gold pieces.
You now have 48 gold pieces (gained 19).
Found a stone staircase leading down.
You now have 61 gold pieces (gained 13).
A leopard gecko comes into view.
The leopard gecko hisses angrily.
You barely miss the leopard gecko.
The leopard gecko completely misses you.
You barely miss the leopard gecko. The leopard gecko barely misses you.
You hit the leopard gecko.
The leopard gecko is moderately wounded.
The leopard gecko bites you but does no damage.
You miss the leopard gecko.
The leopard gecko is moderately wounded.
The leopard gecko barely misses you.
You closely miss the leopard gecko.
The leopard gecko is moderately wounded.
The leopard gecko misses you.
You hit the leopard gecko.
The leopard gecko is severely wounded.
The leopard gecko closely misses you. The leopard gecko misses you.
You closely miss the leopard gecko.
The leopard gecko is severely wounded.
The leopard gecko misses you.
You hit the leopard gecko but do no damage.
The leopard gecko is severely wounded.
The leopard gecko closely misses you.
You hit the leopard gecko but do no damage.
The leopard gecko is severely wounded.
The leopard gecko closely misses you.
You barely miss the leopard gecko.
The leopard gecko is severely wounded.
The leopard gecko bites you but does no damage.
You closely miss the leopard gecko.
The leopard gecko is severely wounded.
The leopard gecko closely misses you.
You hit the leopard gecko but do no damage.
The leopard gecko is severely wounded.
The leopard gecko completely misses you.
You hit the leopard gecko.
You kill the leopard gecko!
Training target 2.1 for Short Blades reached!
You need to enable at least one skill for training.
There is a stone staircase leading down here.
Your library has no spells.
You climb downwards.
Found 14 stones and 18 arrows.
There is a stone staircase leading up here.
An orc comes into view.
An orc is nearby!
An ice beast and an orc come into view.
The ice beast moves out of view.
A hound comes into view.
An orc comes into view. It is wielding an antimagic hand axe.
The ice beast hits you.
* * * LOW HITPOINT WARNING * * *
The ice beast freezes you!
Ouch! That really hurt!
You die...

#...##.#..###
#..#........
#..#<.#..#
#(.......##.
#...........
####..##.##.
#...........
#.##.##..##.
#@##.....#
........Y..##.##
.?..###.##.# #
.. #......
#oh..### ....o#
.... ..o..


You could see an ice beast, a hound (sleeping) and 2 orcs.

Vanquished Creatures
  An adder (D:3)
  A leopard gecko (D:4)
  A giant cockroach (D:3)
  A hobgoblin (D:3)
  3 kobolds
  2 bats (D:3)
  A rat (D:1)
10 creatures vanquished.

Notes
Turn   | Place    | Note
-------+----------+-------------------------------------------
     0 | D:1      | Amnesiac the Spriggan Wanderer began the quest for the Orb.
     0 | D:1      | Amnesiac set off with: a wand of flame (15), a +0 robe, a potion of curing {!q}, a +0 dagger, a ration
     0 | D:1      | Reached XP level 1. HP: 10/10 MP: 3/3
   170 | D:2      | Noticed an orc priest
   170 | D:2      | Noticed an orc priest
   180 | D:2      | Found a sparkling altar of Nemelex Xobeh.
   289 | D:3      | Found a runed gate.
   322 | D:3      | Reached skill level 1 in Short Blades
   324 | D:3      | Reached XP level 2. HP: 6/14 MP: 3/5
   579 | D:5      | Entered Level 5 of the Dungeon
   584 | D:5      | Noticed an ice beast
   586 | D:5      | Slain by an ice beast

Vault maps used:
D:1:      dpeg_arrival_long_road, minmay_door_square
D:2:      old_standard_altar, nemelex_altar_shiori
D:3:      lightli_temple_of_fire, ebering_ghost_rock_garden, first_ration,
          kennysheep_generic_room_5
D:4:      cheibrodos_pilgrimage, minmay_lizard_king, uniq_edmund

Skill      XL: |  1  2 |
---------------+-------+-----
Short Blades   | 2 |  2.1
Stealth        | 2 |  2.1
Fighting       | |  1.0
Bows           | |  2.4
Dodging        | |  3.0
Spellcasting   | |  1.6
Summonings     | |  1.5
Evocations     | |  1.5

Action                   || total
-------------------------++-------
Melee: Dagger            ||    43
Evoke: Wand              ||     9
  Use: Scroll            ||     4
 Stab: Sleeping          ||     1
Armor: Robe              ||    10
Dodge: Dodged            ||    65

Table legend:
 A = Spawn XP
 B = Non-spawn XP
 C = Spawn XP percentage of total XP
 D = Spawn monster count
 E = Non-spawn monster count
 F = Spawn count percentage of total count
 G = Total turns spent on level
                    A         B        C        D         E        F      G
               +---------+---------+-------+---------+---------+-------+---------
         Total |       0 |      30 |   0.0 |       0 |      10 |   0.0 |   586
               +---------+---------+-------+---------+---------+-------+---------
           D:1 |       0 |       1 |   0.0 |       0 |       1 |   0.0 |    62
           D:2 |       0 |       2 |   0.0 |       0 |       1 |   0.0 |   183
           D:3 |       0 |      24 |   0.0 |       0 |       7 |   0.0 |   140
           D:4 |       0 |       3 |   0.0 |       0 |       1 |   0.0 |   194
               +---------+---------+-------+---------+---------+-------+---------
